 Dungeon Crawl Stone Soup version 0.21.1-1-g345015f (webtiles) character file.

778 Goblin1989 the Insei (level 7, -2/51 HPs)
             Began as a Demonspawn Transmuter on Mar 6, 2018.
             Was an Initiate of Gozag.
             Slain by an ice beast (6 damage)
             ... summoned by inc's ghost
             ... on level 4 of the Dungeon.
             The game lasted 00:14:44 (5158 turns).

Goblin1989 the Insei (Demonspawn Transmuter)        Turns: 5158, Time: 00:14:46

Health: -2/51      AC:  2    Str: 11 (12) XL:     7   Next: 54%
Magic:  11/11      EV: 13    Int: 20 (22) God:    Gozag
Gold:   498        SH: 10    Dex: 13      Spells: 2/12 levels left

rFire    . . .     SeeInvis .     - Unarmed
rCold    . . .     Gourm    .   Y - +0 buckler
rNeg     . . .     Faith    .   b - +0 robe
rPois    .         Spirit   .   (helmet restricted)
rElec    .         Reflect  +   (no cloak)
rCorr    .         Harm     .   (no gloves)
MR       .....                  (no boots)
Stlth    +.........             l - +6 amulet of reflection
HPRegen  0.17/turn              L - +5 ring of intelligence
MPRegen  0.12/turn              N - +2 ring of strength

@: very slightly contaminated, invisible
A: horns 2
a: Potion Petition, Call Merchant, Bribe Branch, Renounce Religion


You were on level 4 of the Dungeon.
You worshipped Gozag.
Gozag was aware of your devotion.
You were not hungry.

You visited 1 branch of the dungeon, and saw 4 of its levels.

You collected 518 gold pieces.
You paid 20 gold pieces to Gozag.

Inventory:

Hand Weapons
 w - a +0 blowgun {@w1}
 R - a +0 hunting sling
Missiles
 a - 46 arrows
 O - 125 stones {@Q3}
 Q - 3 javelins (quivered) {@Q2}
 S - 67 bolts
 Z - a throwing net {!d , @Q1}
Armour
 b - a +0 robe (worn)
 W - a +0 shield
 Y - a +0 buckler (worn)
Jewellery
 l - a +6 amulet of reflection (around neck)
 L - a +5 ring of intelligence (left hand)
 N - a +2 ring of strength (right hand)
Scrolls
 g - 2 scrolls of remove curse {unknown}
 h - 3 scrolls of teleportation {unknown}
 j - 2 scrolls of enchant weapon {unknown}
 H - a scroll of noise {unknown}
 K - a scroll of random uselessness {unknown}
 M - 2 scrolls of fear {unknown}
 T - a scroll of magic mapping {unknown}
 U - 3 scrolls of identify {unknown}
 X - a scroll of blinking {unknown}
Potions
 m - 2 potions of curing {@q1}
 F - a potion of agility
 G - a potion of cancellation {unknown}
 J - 2 potions of resistance
 P - a potion of mutation {unknown}
 V - a potion of heal wounds
Books
 c - a book of Changes

   Spells                             Type                      Level
   a - Beastly Appendage              Transmutation                1
   b - Sticks to Snakes               Transmutation                2
   c - Spider Form                    Transmutation/Poison         3
   d - Ice Form                       Ice/Transmutation            4
   e - Blade Hands                    Transmutation                5
 I - a book of Cantrips

   Spells                             Type                      Level
   a - Confusing Touch                Hexes                        1
   b - Animate Skeleton               Necromancy                   1
   c - Summon Small Mammal            Summoning                    1
   d - Apportation                    Translocation                1
Comestibles
 e - 7 rations


   Skills:
 + Level 2.8 Fighting
 + Level 3.1 Dodging
 + Level 2.8 Shields
 * Level 5.5 Unarmed Combat
 - Level 3.0 Spellcasting
 + Level 3.1 Transmutations


You had 2 spell levels left.
You knew the following spells:

 Your Spells              Type           Power        Failure   Level  Hunger
a - Beastly Appendage     Tmut           ###...       4%          1    None
b - Sticks to Snakes      Tmut           ###.....     7%          2    ##.....
c - Blade Hands           Tmut           ###.......   77%         5    ######.
d - Animate Skeleton      Necr           N/A          16%         1    None
o - Apportation           Tloc           #.....       16%         1    None


Dungeon Overview and Level Annotations

Branches:
Dungeon (4/15)
 Temple: D:4-7

Altars:
Dithmenos
Fedhas
Gozag
Xom
Yredelemnul
Zin

Annotations:
D:3 kalagan's ghost, amateur GrGl
D:4 inc's ghost, amateur FeIE


Innate Abilities, Weirdness & Mutations

You have a pair of horns on your head.


Message History

The orc wizard is heavily wounded.
The orc wizard points at you and mumbles some strange words.
The magic dart hits you!
You take 8 damage, and have 43/51 hp.
You hit the orc wizard. You headbutt the orc wizard.
The orc wizard is severely wounded.
You barely miss the orc wizard.
The orc wizard is severely wounded.
The orc wizard hits you with a dagger.
You take 2 damage, and have 41/51 hp.
You hit the orc wizard.
You kill the orc wizard!
You closely miss the orc. Your headbutt misses the orc.
The orc hits you but does no damage.
You hit the orc. Your headbutt misses the orc.
The orc is severely wounded.
The orc hits you with a club.
You take 5 damage, and have 36/51 hp.
You hit the orc.
You kill the orc!
You barely miss the orc. Your headbutt misses the orc. The orc misses you.
You hit the orc. You headbutt the orc, but do no damage.
The orc is lightly wounded.
You hit the orc.
The orc is almost dead.
The orc hits you with a mace.
You take 5 damage, and have 32/51 hp.
You barely miss the orc.
The orc is almost dead.
The orc barely misses you.
You hit the orc.
You kill the orc!
No target in view!
No target in view!
No target in view!
No target in view!
No target in view!
No target in view!
No target in view!
No target in view!
No target in view!
No target in view!
No target in view!
No target in view!
No target in view!
No target in view!
No target in view!
No target in view!
No target in view!
No target in view!
No target in view!
You now have 498 gold pieces (gained 22).
Items here: ))) [[[ You see here a ring mail.
There is a stone staircase leading up here.
You see here a giant spiked club.
Key pressed, stopping explore.
Done exploring.
You regained 15 hp, and now have 47/51 hp.
Done exploring.
(D) Dungeon
Where to? (Enter - D:3 @ (x,y), ? - help) Inc's ghost turns its malevolent gaze towards you.
Inc's ghost screams, "There is no future for me!"
Inc's ghost mumbles some strange words.
Inc's ghost says, "I have seen your future, and it is all used up."
There is a stone staircase leading up here.
Health restored: 51 Inc's ghost mumbles some strange words.
You closely miss inc's ghost.
Inc's ghost casts a spell.
You barely miss the ice beast. You block the ice beast's attack.
Inc's ghost closely misses you.
You closely miss inc's ghost. The ice beast closely misses you.
The ice beast barely misses you. Inc's ghost hits you!
You take 10 damage, and have 41/51 hp.
You completely miss inc's ghost. The ice beast hits you.
The ice beast freezes you! The ice beast hits you. The ice beast freezes you!
* * * LOW HITPOINT WARNING * * *
Inc's ghost closely misses you.
You take 29 damage, and have 12/51 hp.
MASSIVE DAMAGE!!
Unknown command.
You feel much better. The ice beast hits you. The ice beast freezes you!
* * * LOW HITPOINT WARNING * * *
The ice beast closely misses you. You block inc's ghost's attack.
You regained 8 hp, and now have 20/51 hp.
You fade into invisibility!
The ice beast barely misses you. The ice beast completely misses you.
Inc's ghost closely misses you.
You are very lightly contaminated with residual magic.
Unknown command.
You barely miss the ice beast. The ice beast hits you.
* * * LOW HITPOINT WARNING * * *
The ice beast freezes you!
* * * LOW HITPOINT WARNING * * *
The ice beast hits you.
* * * LOW HITPOINT WARNING * * *
The ice beast freezes you.
You die...
Your body crumbles into a pile of gold. ███████

█.....█ █.███.█
█...█Y█
█...█Y████████████
█....W@Y.........█
██
██.█████████████.█
.█ █.█ █.███ .█
█.█ █.█.██
.███████████.█
█....█
......YW)..W.█
███.██
.█████████████ █.█
.████ █.█
....████████ █.█


You could see 3 ice beasts and inc's ghost.

Vanquished Creatures
  Grinder (D:3)
  A bullfrog (D:3)
  2 orc priests
  A hound (D:4)
  Jessica (D:3)
  Natasha (thrice) (D:3)
  Terence (D:3)
  An iguana (D:4)
  An orc wizard (D:4)
  2 worker ants (D:4)
  3 adders
  2 oozes
  A dart slug (D:1)
  3 leopard geckos (D:3)
  17 orcs
  9 giant cockroaches
  8 hobgoblins
  2 jackals (D:3)
  6 kobolds
  3 quokkas
  6 bats
  6 frilled lizards
  3 goblins
  6 rats
89 creatures vanquished.

Vanquished Creatures (collateral kills)
  An ogre (D:4)
  2 worms
3 creatures vanquished.

Grand Total: 92 creatures vanquished

Notes
Turn   | Place    | Note
-------+----------+-------------------------------------------
     0 | D:1      | Goblin1989 the Demonspawn Transmuter began the quest for the Orb.
     0 | D:1      | Reached XP level 1. HP: 15/15 MP: 3/3
   230 | D:1      | Reached skill level 3 in Unarmed Combat
   310 | D:1      | Gained mutation: You have a pair of small horns on your head. [demonic ancestry]
   310 | D:1      | Reached XP level 2. HP: 16/21 MP: 5/5
   999 | D:2      | Reached XP level 3. HP: 26/26 MP: 6/6
  1448 | D:2      | Found an opulent altar of Gozag.
  1476 | D:2      | Became a worshipper of Gozag Ym Sagoz the Greedy
  1808 | D:2      | Reached skill level 4 in Unarmed Combat
  1836 | D:2      | Reached skill level 1 in Shields
  2153 | D:2      | Found a basalt altar of Yredelemnul.
  2206 | D:3      | Noticed kalagan's ghost (amateur GrGl)
  2206 | D:3      | Gained mutation: You have a pair of horns on your head. [demonic ancestry]
  2206 | D:3      | Reached XP level 4. HP: 14/32 MP: 7/7
  2210 | D:3      | Noticed Natasha
  2487 | D:1      | Learned a level 2 spell: Sticks to Snakes
  2598 | D:3      | Found a glowing silver altar of Zin.
  2598 | D:3      | Noticed an angel
  2902 | D:3      | HP: 1/32 [something/magic dart (7)]
  2909 | D:3      | Killed Natasha
  3176 | D:3      | Noticed a bullfrog
  3185 | D:3      | Killed a bullfrog
  3185 | D:3      | Reached XP level 5. HP: 22/37 MP: 6/8
  3512 | D:3      | Noticed Natasha
  3526 | D:3      | Killed Natasha
  3621 | D:3      | Noticed Grinder
  3631 | D:3      | Killed Grinder
  3631 | D:3      | Reached skill level 5 in Unarmed Combat
  3631 | D:3      | Reached XP level 6. HP: 44/44 MP: 7/10
  3644 | D:3      | Learned a level 5 spell: Blade Hands
  3646 | D:3      | Learned a level 1 spell: Animate Skeleton
  3648 | D:3      | Learned a level 1 spell: Apportation
  3677 | D:3      | Found a shimmering altar of Xom.
  3688 | D:3      | Noticed Jessica
  3692 | D:3      | Killed Jessica
  3700 | D:3      | Noticed Terence
  3719 | D:3      | Killed Terence
  3904 | D:3      | Noticed Natasha
  3911 | D:3      | Killed Natasha
  3911 | D:3      | Reached XP level 7. HP: 46/51 MP: 11/11
  4089 | D:4      | Noticed inc's ghost (amateur FeIE)
  4629 | D:4      | Found a blossoming altar of Fedhas.
  4637 | D:4      | Found a shadowy altar of Dithmenos.
  5158 | D:4      | Slain by an ice beast

Skill      XL: |  1  2  3  4  5  6  7 |
---------------+----------------------+-----
Unarmed Combat | 3 4 5 |  5.5
Shields        | 1 2 |  2.8
Dodging        | 2 3 |  3.1
Transmutations | 2 3 |  3.1
Fighting       | 2 |  2.8
Spellcasting   | 3 |  3.0

Action                   |  1- 3 |  4- 6 |  7- 9 || total
-------------------------+-------+-------+-------++-------
Melee: Unarmed           |   144 |   118 |    98 ||   360
       Headbutt          |    15 |    15 |    18 ||    48
       Kick              |       |     6 |     1 ||     7
 Cast: Sticks to Snakes  |       |     6 |     4 ||    10
       Beastly Appendage |       |     4 |     1 ||     5
Invok: Potion Petition   |       |     1 |       ||     1
  Use: Potion            |     1 |     8 |     2 ||    11
 Stab: Sleeping          |     1 |     1 |       ||     2
  Eat: Chunk             |     2 |       |       ||     2
       Ration            |     1 |     2 |     1 ||     4
Armor: Robe              |    25 |     6 |     6 ||    37
       Skin              |     4 |     1 |       ||     5
Dodge: Dodged            |    61 |    47 |    40 ||   148
Block: Other             |    10 |       |       ||    10
       Buckler           |    40 |    31 |    27 ||    98
       Reflection        |     2 |       |       ||     2

Vault maps used:
D:1:      giann_wishing_wells
D:2:      lemuel_doored_altar, yredelemnul_forgotten_temple_becter
D:3:      grunt_temple_overflow_order_and_chaos_1, uniq_terence, uniq_natasha,
          uniq_jessica, uniq_grinder
D:4:      grunt_temple_overflow_open
